Map: Dusk Towers

Players

capac

  • Race: Terran Terran
  • League: Gold

Zieziór - Winner!

  • Race: Terran Terran
  • League: Gold

VOD

Have the link to the VOD?

Description

Time

  • Played on: May 3, 2016, 1:33 p.m.
  • Length: 25:08
Show
View Real Time Build Order
Export as new Build Order

capac Terran 

Build Orders: Reaper Expand 

Get SALT Encoding   

  12  0:00  SCV  
  13  0:13  SCV  
  14  0:19  Supply Depot  
  14  0:25  SCV  
  15  0:41  SCV  
  16  0:44  Barracks  
  16  0:47  Refinery  
  16  0:53  SCV  
  17  1:05  SCV  
  18  1:17  SCV  
  19  1:30  Orbital Command  
  19  1:32  Reaper  
  20  1:45  Command Center  
  20  1:53  Supply Depot  
  20  1:56  SCV  
  21  2:04  Marine  
  21  2:22  Factory, Barracks  
  21  2:26  SCV  
  21  2:29  Refinery  
  22  2:32  Barracks Reactor  
  22  2:38  SCV  
  23  2:51  SCV  
  24  3:03  SCV  
  25  3:06  Orbital Command  
  24  3:18  Barracks Tech Lab, Factory Tech Lab  
  24  3:21  Marine x2  
  24  3:22  Starport  
  24  3:23  SCV  
  27  3:33  Barracks  
  27  3:39  Siege Tank  
  30  3:42  SCV  
  31  3:52  SCV  
  31  3:54  Marine x2  
  34  4:00  Medivac  
  36  4:04  Supply Depot  
  36  4:06  SCV  
  36  4:07  SCV  
  38  4:18  Marine x3  
  38  4:20  SCV x2  
  43  4:25  Barracks Reactor  
  43  4:27  Engineering Bay  
  43  4:30  Supply Depot  
  43  4:32  Starport Reactor, SCV x2  
  44  4:47  SCV  
  44  4:48  Siege Tank, SCV  
  44  4:51  Marine x2  
  51  4:56  Supply Depot  
  51  5:03  SCV  
  51  5:04  SCV  
  53  5:12  Missile Turret  
  53  5:15  SCV  
  53  5:17  SCV  
  55  5:23  Viking x2, Missile Turret  
  55  5:25  Marine x3  
  55  5:26  Marine  
  55  5:27  Marine  
  55  5:28  SCV  
  65  5:37  SCV  
  66  5:44  SCV  
  66  5:45  Marine  
  66  5:46  Marine x2  
  66  5:48  Terran Infantry Weapons Level 1  
  70  5:50  Stimpack  
  70  5:58  Missile Turret  
  70  6:16  Supply Depot, Marine x5, SCV  
  76  6:27  Medivac  
  78  6:34  Refinery, Command Center  
  78  6:35  Refinery  
  78  6:37  Medivac  
  78  6:38  Supply Depot  
  80  6:40  Supply Depot  
  80  6:46  SCV x2, Armory  
  82  6:47  Marine  
  82  6:48  Engineering Bay  
  83  7:03  SCV  
  83  7:04  SCV  
  83  7:06  Marine x3  
  83  7:07  Marine x2  
  90  7:10  Medivac  
  90  7:11  Medivac  
  94  7:18  Supply Depot  
  94  7:19  Terran Infantry Armor Level 1  
  94  7:24  SCV  
  94  7:25  SCV  
  96  7:37  Marine x4  
  96  7:40  Medivac  
  96  7:41  SCV x2, Medivac  
  106  8:09  Siege Tank  
  106  8:10  Medivac  
  106  8:12  Orbital Command  
  111  8:14  Marine x4  
  115  8:22  Supply Depot, Barracks  
  115  8:23  Terran Infantry Weapons Level 2  
  115  8:24  Barracks  
  115  8:25  Barracks  
  111  8:45  Marine x5  
  111  8:47  Siege Tank  
  92  9:10  Marine x4  
  85  9:18  Marine  
  86  9:28  Marine x2  
  85  9:41  Marine  
  85  9:42  Marine x2  
  85  9:43  SCV x2  
  85  9:44  SCV  
  91  9:46  Marine x2  
  88  9:55  SCV  
  88  9:59  Marine  
  80  10:00  Marine  
  75  10:15  Marine x3  
  75  10:17  Marine x2  
  68  10:32  Marine  
  68  10:33  Marine x2  
  67  10:43  SCV x3  
  67  10:48  Barracks Reactor  
  70  10:55  SCV  
  71  11:06  Marine x4  
  71  11:07  Siege Tank, Orbital Command  
  71  11:10  Viking  
  56  11:29  Marine  
  56  11:30  Marine x5, Barracks Reactor  
  56  11:31  Barracks Reactor  
  62  11:36  Marine  
  62  11:39  Siege Tank  
  66  11:43  Viking  
  66  11:45  Viking  
  70  11:47  Marine x3  
  70  11:48  Marine x3  
  70  11:49  SCV x3  
  79  12:01  SCV x2  
  79  12:02  SCV  
  81  12:25  Liberator  
  50  12:41  Marine x6  
  53  12:46  Marine  
  53  12:53  Marine  
  53  12:55  Marine  
  51  13:10  Orbital Command  
  51  13:11  Marine x3  
  39  13:13  Marine, Siege Tank  
  39  13:18  SCV x2  
  38  14:00  Starport Reactor, Barracks Reactor  
  38  14:05  Marine x3  
  38  14:06  Marine  
  42  14:10  Orbital Command  
  41  14:23  Marine x2  
  43  14:27  SCV x2  
  45  14:39  Barracks Tech Lab, SCV x2  
  45  14:42  Barracks Tech Lab  
  45  14:43  Barracks Tech Lab  
  47  14:48  Barracks Reactor  
  47  14:51  SCV  
  47  14:52  Barracks Reactor, SCV  
  49  14:55  SCV  
  49  14:59  Refinery  
  50  15:00  Refinery  
  50  15:02  Medivac x2  
  50  15:03  SCV  
  50  15:04  SCV  
  50  15:05  Siege Tank  
  59  15:10  Armory  
  59  15:20  SCV x3  
  62  15:35  Factory  
  62  15:40  Siege Tank  
  62  15:42  Marine  
  65  15:43  Marine x7  
  65  15:46  Medivac  
  75  16:00  Marine  
  75  16:01  Marine x7  
  139  16:25  Medivac x2  
  83  16:26  Bunker  
  83  16:31  Marine x2  
  83  16:32  Marine x5  
  93  16:33  Marine  
  93  16:36  SCV x3  
  98  16:45  Factory Tech Lab  
  98  16:49  Marine  
  99  16:58  Medivac  
  99  17:00  Medivac  
  103  18:02  Siege Tank  
  60  18:31  Marine  
  60  18:32  Marine x7  
  65  18:40  Siege Tank x2  
  71  18:49  Marine  
  71  18:50  Marine x5  
  71  18:55  Marine x2, Liberator x2  
  79  19:07  Marine  
  79  19:08  Marine x5  
  91  20:16  Liberator x2  
  91  20:30  Marine x8  
  105  20:45  Orbital Command  
  105  20:48  Marine x5  
  110  21:03  Siege Tank  
  113  21:05  Siege Tank  
  116  22:02  Marine x2  
  116  22:03  Marine x4  
  116  22:06  Medivac x2  
  126  22:09  Combat Shields  
  123  22:32  Marine  
  123  22:33  Marine x6  
  130  22:42  SCV x3  
  133  22:59  Medivac  
  133  23:00  SCV  
  133  23:01  SCV, Medivac  
  130  23:16  Marine x3  
  133  23:23  Marauder, Marine x4  
  133  23:25  SCV x2  
  141  23:47  SCV  
  141  23:51  SCV  
  140  23:59  Marauder  
  137  24:13  Marine x4  
  141  24:24  Marine  
  141  24:26  Marine x3  
  141  24:29  Siege Tank  
  141  24:30  Siege Tank  
  141  24:32  Marine x4  
Show
View Real Time Build Order
Export as new Build Order

Zieziór Terran - Winner!

Build Orders: Reaper Expand, MMM Bio 

Get SALT Encoding   

  12  0:00  SCV  
  13  0:13  SCV  
  14  0:19  Supply Depot  
  14  0:25  SCV  
  15  0:40  SCV  
  15  0:42  Barracks  
  16  0:51  Refinery  
  16  0:52  SCV  
  17  1:04  SCV  
  18  1:17  SCV  
  19  1:29  Orbital Command  
  19  1:38  Reaper  
  20  1:44  Command Center  
  20  2:01  SCV  
  21  2:03  Supply Depot  
  21  2:13  SCV  
  22  2:25  SCV  
  22  2:29  Factory  
  23  2:32  Barracks Reactor  
  23  2:37  SCV  
  23  2:41  Command Center  
  24  2:45  Refinery  
  24  2:49  SCV  
  24  3:28  Starport  
  24  3:29  Barracks  
  24  3:30  Barracks Tech Lab  
  24  3:31  Orbital Command  
  24  3:32  SCV  
  25  3:42  Hellion x2  
  25  3:44  SCV  
  30  3:56  SCV  
  30  3:58  Orbital Command  
  32  4:02  SCV  
  32  4:04  Hellion x2  
  32  4:08  SCV  
  37  4:12  Stimpack  
  37  4:15  SCV  
  38  4:18  Orbital Command, Barracks Reactor  
  38  4:19  Engineering Bay  
  38  4:21  SCV  
  39  4:27  SCV  
  40  4:33  SCV  
  41  4:41  Factory Tech Lab  
  41  4:43  Supply Depot x2  
  41  4:45  Supply Depot x2  
  41  4:46  Medivac  
  41  4:47  Engineering Bay  
  41  4:50  Refinery, SCV x3  
  41  4:51  Refinery  
  46  5:01  Marine x3  
  46  5:02  SCV x3  
  52  5:14  SCV  
  52  5:16  Medivac  
  52  5:19  Marine x2  
  57  5:27  SCV x3  
  60  5:33  Marine  
  61  5:37  Marine x2  
  61  5:39  SCV  
  64  5:44  Terran Infantry Weapons Level 1  
  64  5:45  Terran Infantry Armor Level 1  
  64  5:47  Barracks  
  64  5:50  Barracks, Marine  
  64  5:52  SCV x3  
  64  5:55  Marine x2  
  70  6:04  SCV x2  
  71  6:05  SCV  
  71  6:08  Marine  
  74  6:12  Marine  
  74  6:13  Marine  
  74  6:16  SCV  
  74  6:17  SCV x2  
  74  6:18  Barracks  
  79  6:19  Barracks  
  79  6:20  Supply Depot  
  79  6:22  Supply Depot, Armory  
  79  6:24  Supply Depot  
  79  6:26  Marine, Medivac x2  
  79  6:27  Supply Depot  
  84  6:35  SCV x3  
  87  6:40  Refinery  
  87  6:41  Refinery  
  87  6:42  Marine x2  
  87  6:45  Barracks Reactor  
  90  6:47  SCV x2, Combat Shields  
  90  6:52  Barracks Reactor  
  91  6:54  Marine  
  91  7:00  Marine x2  
  94  7:07  Marine x2  
  96  7:12  Marine  
  96  7:15  SCV x3  
  100  7:19  Command Center  
  100  7:27  Barracks Reactor x2, SCV x3  
  103  7:39  SCV  
  103  7:42  Terran Infantry Weapons Level 2, Terran Infantry Armor Level 2  
  104  8:06  Concussive Shells  
  104  8:13  Barracks  
  104  8:14  Barracks  
  104  8:25  Marauder, Marine x8  
  104  8:26  Marine x2  
  116  8:39  Supply Depot  
  116  8:40  Supply Depot  
  114  8:42  Supply Depot x2, Marine  
  114  8:43  Supply Depot, Marine x2  
  114  8:44  Supply Depot  
  114  8:45  Supply Depot  
  114  8:46  Marauder  
  119  8:54  Marine x3  
  121  9:00  Marine  
  115  9:05  Marine x4  
  115  9:07  Marine  
  101  9:11  Marine  
  101  9:14  Marine x2  
  91  9:18  Marine  
  91  9:23  Marine x4  
  85  9:29  Marine  
  83  9:31  Marine  
  83  9:32  Marine  
  83  9:36  Marine  
  81  9:40  Medivac  
  81  9:41  Marine x4  
  81  9:43  Marine  
  66  9:47  Marine  
  66  9:49  Marine  
  66  9:50  Marine  
  69  9:54  Marine  
  69  9:59  Marine x4  
  55  10:05  Marine  
  55  10:07  Marine  
  55  10:08  Marine  
  55  10:10  Medivac  
  55  10:12  Marine  
  51  10:16  Marine x2  
  51  10:17  Marine x2  
  51  10:23  Marine  
  51  10:25  Marine x2  
  45  10:29  Marine  
  45  10:34  Marine x4  
  49  10:40  Marine, Medivac  
  52  10:43  Marine x2  
  52  10:47  Marine  
  55  10:52  Marine x4  
  59  10:58  Marine  
  59  10:59  SCV  
  59  11:00  Marine, Command Center  
  59  11:01  Marine  
  63  11:05  Marine  
  63  11:06  Command Center  
  63  11:09  Medivac  
  63  11:10  Marine x4  
  70  11:11  SCV  
  70  11:16  Marine  
  71  11:18  Marine  
  71  11:19  Marine  
  71  11:23  Marine  
  71  11:24  SCV  
  66  11:28  Marine x4  
  70  11:34  Marine  
  70  11:36  Marine, SCV  
  70  11:37  Marine  
  70  11:39  Medivac  
  76  11:41  Terran Infantry Armor Level 3, Terran Infantry Weapons Level 3, Marine  
  76  11:45  Marine  
  76  11:46  Marine x3  
  81  11:48  SCV  
  81  11:51  Planetary Fortress  
  81  11:52  Marine  
  83  12:09  Medivac  
  77  12:31  Marine x7  
  77  12:32  Marine  
  82  12:39  Medivac  
  84  12:49  Marine x8  
  92  13:05  Planetary Fortress  
  92  13:06  Marine x2  
  92  13:07  Marine x6  
  92  13:09  SCV, Medivac  
  103  13:21  SCV  
  103  13:24  Marine x4  
  103  13:25  Marine  
  107  13:33  SCV  
  108  13:37  Marine  
  108  13:38  Marine x2  
  111  13:42  Marine x5  
  111  13:45  SCV  
  112  13:55  Marine x3  
  106  13:57  SCV  
  106  14:00  Marine x5, SCV  
  112  14:12  SCV  
  112  14:13  Marine x3  
  112  14:16  Orbital Command  
  116  14:18  Marine x2  
  116  14:22  Starport Reactor  
  116  14:24  SCV  
  116  14:27  Supply Depot  
  117  14:36  SCV  
  118  14:46  SCV  
  118  14:48  SCV  
  118  14:51  Supply Depot  
  120  14:56  SCV  
  120  14:58  Marine x3, SCV  
  120  14:59  Marine x2  
  127  15:00  SCV, Barracks Reactor  
  127  15:01  Barracks Tech Lab  
  128  15:08  SCV  
  128  15:10  SCV  
  128  15:12  SCV  
  128  15:13  Supply Depot, Factory  
  131  15:15  Marine  
  131  15:16  Marine x3  
  131  15:20  SCV  
  136  15:22  Marauder, SCV  
  139  15:34  SCV x2  
  141  15:37  Supply Depot  
  141  15:45  Supply Depot x2  
  141  15:46  Supply Depot x2, SCV x2  
  141  15:47  Supply Depot  
  141  15:48  Supply Depot  
  143  15:58  Marauder  
  143  15:59  Marine x8  
  153  16:04  Factory Tech Lab  
  153  16:08  Supply Depot  
  153  16:16  Marine  
  153  16:17  Marine  
  155  16:18  Liberator x2  
  155  16:19  Marauder  
  157  16:26  Command Center  
  157  16:34  Terran Ship Weapons Level 1  
  163  16:41  Marauder  
  165  17:00  Command Center  
  165  17:01  Liberator  
  165  17:03  Liberator  
  171  17:30  Command Center  
  171  17:43  Barracks  
  171  17:44  Liberator  
  171  17:46  Barracks, Liberator  
  168  17:53  Starport  
  168  17:56  Starport  
  168  17:57  Factory  
  161  18:00  Factory  
  167  18:11  Planetary Fortress  
  167  18:18  Marine x6  
  167  18:19  Marine x3  
  164  18:27  Liberator  
  148  18:28  Terran Vehicle And Ship Armor Level 1  
  148  18:29  Liberator  
  147  18:36  Marine x9  
  156  18:43  Planetary Fortress  
  156  18:45  Planetary Fortress  
  162  18:53  Marine  
  162  18:54  Marine x8  
  171  19:11  Marine  
  171  19:12  Marine x8  
  171  19:13  Command Center  
  180  19:17  Refinery  
  180  19:18  Refinery  
  180  19:25  Command Center  
  180  19:26  Refinery  
  180  19:30  Marine, Command Center  
  181  19:33  Starport Tech Lab x2  
  181  19:34  Factory Tech Lab x2  
  181  19:36  Barracks Tech Lab x2  
  181  19:40  Command Center  
  178  19:59  Marauder x3, Marine x4  
  187  20:00  Marine x2  
  186  20:20  Marauder  
  186  20:21  Marauder x2  
  187  20:25  Terran Ship Weapons Level 2  
  187  20:37  Refinery  
  187  20:38  Refinery  
  187  20:39  Planetary Fortress  
  187  20:42  Marauder  
  189  20:43  Planetary Fortress  
  189  20:45  Planetary Fortress  
  189  21:00  Banshee x2  
  195  21:06  Planetary Fortress  
  195  21:22  SCV  
  196  21:34  SCV  
  197  21:40  Refinery x2  
  197  21:45  Refinery  
  197  21:46  Refinery, SCV  
  197  22:14  Missile Turret  
  196  22:28  SCV  
  194  22:37  Missile Turret x2  
  194  22:39  Missile Turret  
  194  22:40  SCV  
  194  22:41  Terran Vehicle And Ship Armor Level 2  
  195  22:46  Missile Turret  
  195  22:47  Liberator x2, Missile Turret x2  
  195  22:53  SCV  
  195  23:05  SCV  
  200  23:23  Missile Turret  
  200  23:26  Missile Turret  
  200  23:29  Missile Turret  
  200  23:30  Missile Turret  
  200  23:41  Missile Turret  
  200  23:42  Liberator  
  200  23:43  Liberator x3  
  200  23:44  Missile Turret  
  163  24:01  Marine x8  
  163  24:02  Marine x3, Missile Turret  
  166  24:05  Missile Turret  
  166  24:08  Cyclone  
  166  24:09  Cyclone x2  
  157  24:19  Marine x11  
  147  24:36  Marine  
  147  24:37  Marine x10  
  111  24:41  Hellion  
Tags
 
Add a new tag
Caveats
  • Supply blocks, unpowered buildings, or Contaminate may cause inaccurate times.
  • Supply counts are checked every 10 seconds.